 Dungeon Crawl Stone Soup version 0.30-a0-347-gf58ed5266c (webtiles) character file.

Game seed: 11714426045437510349

113 Conn the Firebug (level 4, -5/27 HPs)
             Began as an Octopode Fire Elementalist on Nov 6, 2022.
             Slain by an orc
             ... wielding a +0 flail
              (7 damage)
             ... on level 3 of the Dungeon.
             The game lasted 00:06:06 (2073 turns).

Conn the Firebug (Octopode Fire Elementalist)       Turns: 2073, Time: 00:06:07

Health: -5/27      AC:  3    Str:  5 (7)  XL:     4   Next: 96%
Magic:  6/7        EV: 13    Int: 16 (19) God:
Gold:   82         SH:  5    Dex:  9 (12) Spells: 6/7 levels left

rFire   . . .      SeeInvis .    m - +3 mace
rCold   . . .      Faith    .    (no shield)
rNeg    . . .      Spirit   .    (helmet restricted)
rPois   +          Reflect  +    h - amulet of reflection
rElec   +          Harm     .    c - ring of wizardry
rCorr   .          Rampage  .    i - ring of poison resistance
Will    .....                    (no ring)
Stlth   +++.......               (no ring)
HPRegen 0.24/turn                (no ring)
MPRegen 0.10/turn                (no ring)
                                 (no ring)
                                 (no ring)

@: about to teleport
A: almost no armour, amphibious, 8 rings, camouflage 1, gelatinous body 1,
(nimble swimmer 1), tentacles, tentacle spike 1, iridescent scales 1,
electricity resistance
a: no special abilities


You were on level 3 of the Dungeon.
You visited 1 branch of the dungeon, and saw 3 of its levels.

You collected 82 gold pieces.

Inventory:

Hand Weapons
 f - a +0 short sword
 m - a +3 mace (weapon)
Magical Staves
 k - a staff of air
Jewellery
 c - a ring of wizardry (left tentacle)
 h - an amulet of reflection (around mantle)
 i - a ring of poison resistance (right tentacle)
Scrolls
 d - a scroll of summoning {unknown}
 g - 4 scrolls of identify {unknown}
 o - a scroll of enchant armour {unknown}
 p - a scroll of immolation {unknown}
Potions
 a - 3 potions of magic


   Skills:
 + Level 0.4 Fighting
 + Level 1.4 Maces & Flails
 + Level 2.1 Dodging
 + Level 3.7 Stealth
 + Level 0.2 Shields
 + Level 2.4 Spellcasting
 + Level 2.0 Conjurations
 + Level 3.8 Fire Magic


You had 6 spell levels left.
You knew the following spells:

 Your Spells              Type           Power      Damage    Failure   Level
a - Foxfire               Conj/Fire      44%        2x1d6     2%          1

Your spell library contained the following spells:

 Spells                   Type           Power      Damage    Failure   Level
 Scorch                   Fire           28%        2d6       2%          2
 Inner Flame              Hex/Fire       8%         N/A       11%         3
 Kindle Blastsparks       Fire/Tloc/Air  12%        2d11      14%         3
 Flame Wave               Conj/Fire      11%        2d6       24%         4


Dungeon Overview and Level Annotations

Branches:
Dungeon (3/15)

Altars:


Innate Abilities, Weirdness & Mutations

You cannot wear most types of armour.
You are amphibious.
You can wear up to eight rings at the same time.
Your skin changes colour to match your surroundings (Stealth+).
Your rubbery body absorbs attacks. (AC +1, EV +1)
((You are camouflaged when in or above water. (Stealth+)))
You have tentacles for arms and can constrict up to eight enemies at once.
One of your tentacles bears a spike.
You are partially covered in iridescent scales. (AC +2)
You are resistant to electric shocks. (rElec)


Message History

You miss something. You squeeze something. Something hits you.
Something hits you but does no damage.
You hit something. Something hits you.
You miss something. Your squeeze misses something. Something hits you.
* * * LOW HITPOINT WARNING * * *
You feel better. Something hits you.
It was a potion of degeneration.
There was something very wrong with that liquid.
You feel weakened.
You feel dopey.
You feel clumsy. Something hits you.
* * * LOW HITPOINT WARNING * * *
Okay, then.
As you read the scroll labelled RYKEUG COAVOK, it crumbles to dust.
You feel strangely unstable.
It was a scroll of teleportation.
Something hits you.
* * * LOW HITPOINT WARNING * * *
Okay, then.
Unknown command.
Unknown command.
Unknown command.
Your surroundings seem slightly different.
The orc misses you.
Casting: Foxfire (safe; 2% risk of failure)
Confirm with . or Enter, or press ? or * to list all spells.
You conjure some foxfire!
You block the orc's attack.
The foxfire hits the orc but does no damage. x2
As you read the scroll of teleportation, it crumbles to dust.
You feel strangely unstable.
It was a potion of mutation.
You feel extremely strange.
You feel insulated.
One of your lower tentacles grows a sharp spike.
Iridescent scales grow over part of your body.
The orc closely misses you. Something hits you.
* * * LOW HITPOINT WARNING * * *
Unknown command.
Unknown command.
Unknown command.
Okay, then.
The orc attacks as you move away! The orc hits you with a +0 flail!
You die...

#.####)###......
###
#.......§oo.....
#..
....###..........
#.# ##.#
#####......
##.######.######
.#....
#....)..).......
.. ...
#..###......###
#.# ..
#......o..#...#
#.# #
#.####.@....#.#
#.# #.# ##.##.##
# #.# #.# #.# .#
#.#### #.# #.# .#
#..... ####.# #.#
# #..### #....#
#.# #..#
###.###### #.#
#<.#
#####........#
#.# #..#
#...#.######.#
#..#


You could see an orc.

Vanquished Creatures
  An orc priest (D:3)
  Robin (D:3)
  An adder (D:3)
  2 worms
  A dart slug (D:2)
  2 orcs (D:3)
  A bat (D:2)
  6 endoplasms
  A giant cockroach (D:3)
  11 hobgoblins
  2 jackals (D:2)
  2 kobolds
  2 quokkas (D:2)
  A frilled lizard (D:1)
  6 goblins (D:2)
  11 rats
51 creatures vanquished.

Vanquished Creatures (others)
  105 foxfires
105 creatures vanquished.

Grand Total: 156 creatures vanquished

Notes
Turn   | Place    | Note
-------+----------+-------------------------------------------
     0 | D:1      | Conn the Octopode Fire Elementalist began the quest for the
                  | Orb.
     0 | D:1      | Reached XP level 1. HP: 11/11 MP: 3/3
   334 | D:1      | Reached XP level 2. HP: 17/17 MP: 1/5
  1013 | D:2      | Noticed Robin
  1036 | D:3      | Killed Robin
  1037 | D:3      | Reached XP level 3. HP: 9/21 MP: 0/6
  1508 | D:2      | Reached XP level 4. HP: 27/27 MP: 7/7
  2047 | D:3      | Reached skill level 1 in Maces & Flails
  2071 | D:3      | Gained mutation: You are resistant to electric shocks.
                  | (rElec) [potion of mutation]
  2071 | D:3      | Gained mutation: One of your tentacles bears a spike.
                  | [potion of mutation]
  2071 | D:3      | Gained mutation: You are partially covered in iridescent
                  | scales. (AC +2) [potion of mutation]
  2071 | D:3      | HP: 1/27 [something (4)]
  2073 | D:3      | Slain by an orc

Illustrated notes

Levels and vault maps discovered:
D:1:      minmay_arrival_cross, layout_basic
D:2:      layout_loops_ring, uniq_robin
D:3:      layout_loops_ring, shapermc_ecumenical_altar_acropolis,
          portal_sewer_entry_c

Skill      XL: |  1  2  3  4 |
---------------+-------------+-----
Stealth        | 3 |  3.7
Maces & Flails | 1 |  1.4
Conjurations   | 2 |  2.0
Fighting       | |  0.4
Dodging        | |  2.1
Shields        | |  0.2
Spellcasting   | |  2.4
Fire Magic     | |  3.8

Action                   |  1- 3 |  4- 6 || total
-------------------------+-------+-------++-------
Melee: Constrict         |    10 |     6 ||    16
       Tentacles         |     6 |     4 ||    10
       Unarmed           |     1 |       ||     1
       Mace              |    34 |    21 ||    55
 Cast: Foxfire           |    44 |    15 ||    59
  Use: Potion            |       |     5 ||     5
       Scroll            |       |     2 ||     2
 Stab: Sleeping          |     1 |     3 ||     4
Armor: Skin              |     4 |     2 ||     6
Dodge: Dodged            |    28 |    11 ||    39
Block: Other             |     7 |     6 ||    13

Table legend: (Time is in decaauts)
 A = Elapsed time spent in this place.
 B = Non-inter-level travel time spent in this place.
 C = Inter-level travel time spent in this place.
 D = Time resting spent in this place.
 E = Time spent auto-exploring this place.
 F = Levels seen in this place.
 G = Mean time per level.
                   A        B        C        D        E       F      G
               +--------+--------+--------+--------+--------+-----+--------+
         Total |   2092 |   2068 |     24 |      0 |   1505 |   3 |  697.3 |
       Dungeon |   2092 |   2068 |     24 |      0 |   1505 |   3 |  697.3 |
               +--------+--------+--------+--------+--------+-----+--------+

Top non-repeatable levels by time:
     D:1: 892 daAuts
     D:2: 864 daAuts
     D:3: 335 daAuts
